 Dungeon Crawl Stone Soup version 0.19.6-3-g7d5932f76a (webtiles) character file.

932929 CannibalFerox the Minotaur Arbalest (level 27, -8/273 HPs)
             Began as a Minotaur Hunter on Dec 10, 2023.
             Was the Champion of the Shining One.
             Mangled by an iron giant
             ... wielding a +0 giant spiked club
              (66 damage)
             ... on level 15 of a ziggurat on Dec 31, 2023.
             The game lasted 18:47:13 (114260 turns).

CannibalFerox the Minotaur Arbalest (MiHu)        Turns: 114260, Time: 18:47:13

Health: -8/273     AC: 24    Str: 33      XL:     27
Magic:  41/45      EV: 36    Int:  9 (14) God:    the Shining One [******]
Gold:   11239      SH: 14    Dex: 39      Spells: 0 memorised, 26 levels left

rFire  + + +     SeeInvis +     b - +7 triple crossbow of Linearity {elec, rPois MP+9 Str+7}
rCold  x . .     Gourm    .     v - +9 shadow dragon scales
rNeg   + + +     Faith    .     (shield currently unavailable)
rPois  +         Spirit   .     o - +2 hat of Thoughtfulness {rF+ Dex+8 Stlth-}
rElec  +         Reflect  .     F - +1 cloak {MR+}
rCorr  .         Harm     .     R - +0 pair of gloves of Plog {rPois rC- Str+6 Dex+3}
MR     +++..                    n - +0 pair of boots of Pragmatism {+Inv rElec rC- Dex+7}
Stlth  +++.......               C - amulet of regeneration
                                q - ring of Fepax {rC+ Slay+3 SInv}
                                D - ring "Kausaj" {*Contam rF++ Int+6 Slay+6}

@: divine shield, corroded, very slightly contaminated, slowed, glowing,
studying 2 skills, very slow
A: retaliatory headbutt, horns 2
a: Divine Shield, Cleansing Flame, Summon Divine Warrior, Renounce Religion,
Evoke Invisibility
}: 5/15 runes: serpentine, barnacled, slimy, silver, golden


You were on level 15 of a ziggurat.
You worshipped the Shining One.
The Shining One was exalted by your worship.
You were not hungry.

You visited 14 branches of the dungeon, and saw 62 of its levels.
You visited the Abyss 2 times.
You visited 1 bazaar.
You visited 1 ziggurat, and saw 15 of its levels.
You also visited: Ice Cave, Volcano and Wizlab.

You collected 14359 gold pieces.
You spent 3120 gold pieces at shops.

Inventory:

Hand Weapons
 a - the +4 battleaxe of Axtitily {flame, MR+++ Str-2}
   (You found it on level 4 of the Realm of Zot)

   It has been specially enchanted to burn those struck by it, causing extra
   injury to most foes and up to half again as much damage against particularly
   susceptible opponents.
   Big, fiery blades are also staple armaments of hydra-hunters.
   It affects your strength (-2).
   It affects your resistance to hostile enchantments.
 b - the +7 triple crossbow of Linearity (weapon) {elec, rPois MP+9 Str+7}
   (Okawaru gifted it to you on level 4 of the Depths)

   It charges the ammunition it shoots with electricity; occasionally upon a
   hit, such missiles may discharge and cause terrible harm.
   It affects your strength (+7).
   It protects you from poison.
   It affects your magic capacity (+9).
 c - a +6 battleaxe of holy wrath
 d - a +9 triple crossbow of holy wrath
 e - the +8 arbalest of Wiusmuto {penet, rElec rC+++ Str-2}
   (You acquired it on level 1 of the Lair of Beasts)

   Ammo fired by it will pass through the targets it hits, potentially hitting
   all targets in its path until it reaches maximum range.
   It affects your strength (-2).
   It renders you almost immune to cold.
   It insulates you from electricity.
 f - a +9 triple crossbow of electrocution
Missiles
 g - 1802 bolts (quivered)
Armour
 i - a +1 pair of gloves of archery
 k - a +0 pair of boots of flying
 n - the +0 pair of boots of Pragmatism (worn) {+Inv rElec rC- Dex+7}
   (You bought it in a shop on level 1 of the Snake Pit)

   It affects your dexterity (+7).
   It makes you vulnerable to cold.
   It insulates you from electricity.
   It lets you turn invisible.
 o - the +2 hat of Thoughtfulness (worn) {rF+ Dex+8 Stlth-}
   (Okawaru gifted it to you on level 1 of the Depths)

   It affects your dexterity (+8).
   It protects you from fire.
   It makes you less stealthy.
 v - +9 shadow dragon scales (worn)
 F - a +1 cloak of magic resistance (worn)
 R - the +0 pair of gloves of Plog (worn) {rPois rC- Str+6 Dex+3}
   (Okawaru gifted it to you on level 3 of the Depths)

   It affects your strength (+6).
   It affects your dexterity (+3).
   It makes you vulnerable to cold.
   It protects you from poison.
Rods
 r - a +3 rod of ignition (11/11)
   (You found it on level 13 of a ziggurat)
Jewellery
 m - the ring of Soneasusa {+Inv rC++ MP+9 Str+3 Stlth-}
   (You found it on level 3 of the Elven Halls)

   [ring of strength]

   It affects your strength (+3).
   It greatly protects you from cold.
   It affects your magic capacity (+9).
   It lets you turn invisible.
   It makes you less stealthy.
 q - the ring of Fepax (right hand) {rC+ Slay+3 SInv}
   (You found it on level 5 of the Lair of Beasts)

   [ring of protection from cold]

   It affects your accuracy and damage with ranged weapons and melee attacks
   (+3).
   It protects you from cold.
   It lets you see invisible.
 x - the ring of Oshen {rPois rF+ Str+3 Int+3}
   (You took it off a yaktaur on level 5 of the Depths)

   [ring of protection from fire]

   It affects your strength (+3).
   It affects your intelligence (+3).
   It protects you from fire.
   It protects you from poison.
 C - an amulet of regeneration (around neck)
 D - the ring "Kausaj" (left hand) {*Contam rF++ Int+6 Slay+6}
   (You found it on level 4 of a ziggurat)

   [ring of slaying]

   It affects your intelligence (+6).
   It affects your accuracy and damage with ranged weapons and melee attacks
   (+6).
   It greatly protects you from fire.
   It causes magical contamination when unequipped.
 S - the amulet "Cawuycig" {Gourm +Blink MR+ Dex-4 Slay+3}
   (You found it on level 3 of the Tomb of the Ancients)

   [amulet of the gourmand]

   It allows you to eat raw meat even when not hungry.
   It affects your dexterity (-4).
   It affects your accuracy and damage with ranged weapons and melee attacks
   (+3).
   It affects your resistance to hostile enchantments.
   It lets you blink.
 U - the ring "Zioqas" {rElec Str+6}
   (You took it off a vault warden on level 5 of the Vaults)

   [ring of strength]

   It affects your strength (+6).
   It insulates you from electricity.
Wands
 h - a wand of hasting (9/9)
 p - a wand of heal wounds (7/9)
 N - a wand of digging (15/24)
 P - a wand of teleportation (5/9)
Scrolls
 s - 20 scrolls of identify
 t - 9 scrolls of blinking
 H - 9 scrolls of fog
 I - 2 scrolls of enchant weapon
 J - 14 scrolls of magic mapping
 L - 9 scrolls of fear
 T - 7 scrolls of teleportation
 Y - 32 scrolls of remove curse
 Z - 2 scrolls of holy word
Potions
 j - 3 potions of heal wounds
 w - a potion of cure mutation
 W - 16 potions of curing
 X - 5 potions of haste
Books
 B - a book of Burglary

   Spells                             Type                      Level
   a - Swiftness                      Charms/Air                   2
   b - Passwall                       Transmutation/Earth          2
   c - Passage of Golubria            Translocation                4
   d - Lee's Rapid Deconstruction     Earth                        5
   e - Darkness                       Hexes                        6
   f - Invisibility                   Hexes                        6
 K - a manual of Evocations
 Q - a manual of Spellcasting
Miscellaneous
 l - a phial of floods
 y - a box of beasts
 A - a crystal ball of energy
 G - a disc of storms
 M - a fan of gales
 O - a disc of storms
 V - a disc of storms
Comestibles
 u - 32 bread rations
 z - 16 meat rations
 E - 6 royal jellies


   Skills:
 O Level 27 Fighting
 O Level 27 Axes
   Level 4.4(19.1) Maces & Flails
   Level 16.0(23.1) Polearms
 O Level 27 Crossbows
 O Level 27 Armour
 - Level 24.2 Dodging
 - Level 10.6 Stealth
 + Level 0.2 Spellcasting
 - Level 20.7 Invocations
 * Level 17.4 Evocations


You had 26 spell levels left.
You didn't know any spells.

Dungeon Overview and Level Annotations

Branches:
Dungeon (15/15)            Temple (1/1) D:7            Lair (6/6) D:9
 Shoals (4/4) Lair:2        Snake (4/4) Lair:3        Slime (5/5) Lair:5
    Orc (2/2) D:9             Elf (3/3) Orc:2        Vaults (5/5) D:13
  Crypt (3/3) Vaults:3       Tomb (3/3) Crypt:3      Depths (5/5) D:15
   Hell (1/1)                 Dis (0/7) Hell            Geh (0/7) Hell
    Coc (0/7) Hell            Tar (0/7) Hell            Zot (5/5) Depths:5

Altars:
Ashenzari
Cheibriados
Dithmenos
Elyvilon
Fedhas
Gozag
Hepliaklqana
Kikubaaqudgha
Makhleb
Nemelex Xobeh
Okawaru
Qazlal
Ru
Sif Muna
Trog
Uskayaw
Vehumet
Xom
Yredelemnul
Zin
The Shining One
Jiyva

Shops:
D:14 %   Orc:2 ![[?}   Shoals:3 [   Shoals:4 }[   Snake:1 [:   Vaults:2 =
Vaults:3 !   Vaults:4 %   Depths:4 :[=*

Portals:
Hell: Depths:1 Depths:2 Depths:3 Depths:4 Depths:5
Abyss: Depths:1 Depths:3 Depths:4
Pandemonium: Depths:2 Depths:3 Depths:4
Ziggurat: Depths:2


Innate Abilities, Weirdness & Mutations

You reflexively headbutt those who attack you in melee.
You have a pair of horns on your head.


Message History

The Hell Sentinel hits you but does no damage.
The Hell Sentinel misses you.
The stone giant throws a large rock.
The large rock hits you!
* * * LOW HITPOINT WARNING * * *
Your daeva hits the Hell Sentinel but does no damage. x2
The Hell Sentinel gestures at you.
The sphere of damnation explodes!
The damnation engulfs you!
* * * LOW HITPOINT WARNING * * *
The damnation engulfs the Hell Sentinel.
The Hell Sentinel completely resists.
The damnation engulfs your daeva.
The damnation engulfs the Hell Sentinel.
The Hell Sentinel completely resists.
Things that are here:
a large rock; a bolt; a stone giant corpse You feel much better.
The entropy weaver casts a spell.
The entropic weave corrodes you!
The iron giant throws the iron giant at you!
The iron giant hits you with a giant spiked club!!!
You die...

▓▓▓▓▓▓▓▓▓▓
▓.........
▓.........
▓.........
▓▓▓▓▓▓▓▓▓(........
▓C@1C...(.........
▓.A11.§...........
▓...wa..(.........
▓...9.9...........
▓..(.CC......#.#..
▓∩.........(..#..E.
▓............#.#...
▓.........(C.1.....
▓............C.....


You could see 3 iron giants, 3 Hell Sentinels, a stone giant, an entropy weaver,
a torpor snail, a war gargoyle, a gargoyle and a friendly daeva.

Vanquished Creatures
  the Royal Jelly (Slime:5)
  Mara (Shoals:2)
  8 ancient liches
  4 orbs of fire (Zot:5)
  A juggernaut (shapeshifter) (Depths:3)
  3 juggernauts
  23 greater mummies
  Sojobo (Vaults:5)
  Bai Suzhen (Snake:3)
  Vashnia (Snake:2)
  Saint Roka (Snake:2)
  2 curse toes (Zot:3)
  Geryon (Hell)
  Nikola (Lair:2)
  10 golden dragons
  3 caustic shrikes
  9 Killer Klowns
  Jory (Tomb:1)
  A bone dragon (Crypt:3)
  11 liches
  2 iron giants
  3 electric golems
  Jorgrun (Tomb:1)
  26 tentacled monstrosities
  Asterion (Snake:2)
  25 Orb Guardians (Zot:5)
  8 quicksilver dragons
  6 deep elf blademasters
  4 death cobs
  21 titans
  30 acid blobs
  4 tentacled starspawn (Abyss:1)
  9 ancient champions
  A sphinx (shapeshifter) (Depths:3)
  3 krakens
  12 shadow dragons
  12 sphinxes
  7 deep elf master archers
  A thorn hunter (Zig:13)
  A storm dragon (shapeshifter) (Depths:3)
  5 revenants
  16 storm dragons
  11 draconian monks
  Ilsuiw (Shoals:4)
  Roxanne (Shoals:2)
  12 tengu reavers
  23 azure jellies
  29 fire giants
  An azure jelly (shapeshifter) (Depths:3)
  10 draconian knights
  3 deep elf sorcerers
  15 nagarajas
  6 orc warlords
  Aizul (Shoals:3)
  17 frost giants
  5 ghost moths
  A ghost moth (shapeshifter) (Depths:3)
  9 draconian scorchers
  A balrug (Depths:2)
  20 vault wardens
  3 iron dragons
  Louise (Shoals:1)
  8 draconian shifters
  2 spriggan defenders (Depths:5)
  A caustic shrike zombie (Zig:14)
  6 reapers
  11 draconian zealots
  5 deep elf elementalists
  4 curse skulls
  11 ghouls
  16 ironheart preservers
  8 war gargoyles
  30 very ugly things
  9 draconian annihilators
  5 draconian callers
  39 stone giants
  An ophan (Zig:14)
  10 bennus
  7 deep elf demonologists
  A lorocyproca (Abyss:1)
  8 green draconians
  A stone giant (shapeshifter) (Depths:3)
  3 entropy weavers
  10 vampire knights
  10 deep elf annihilators
  17 purple draconians
  A dire elephant (shapeshifter) (Depths:3)
  16 mottled draconians
  19 red draconians
  A dire elephant (Zig:8)
  12 black draconians
  13 yellow draconians
  21 white draconians
  11 spark wasps
  6 eidola
  9 merfolk javelineers
  11 crystal guardians
  14 death oozes
  8 fire dragons
  9 statues (WizLab)
  Josephine (D:10)
  6 deep elf death magi
  10 merfolk impalers
  24 mummy priests
  9 jiangshi (Crypt:2)
  4 deep elf high priests
  21 ettins
  25 yaktaur captains
  14 great orbs of eyes
  2 green deaths (Zig:13)
  5 quicksilver dragon zombies
  2 blizzard demons (Hell)
  Erolcha (D:10)
  14 naga warriors
  47 vault guards
  4 rakshasas
  14 ice dragons
  2 hell beasts (Hell)
  4 spriggan air magi
  3 catoblepae
  2 quicksilver dragon skeletons
  3 alligator snapping turtles (Shoals:4)
  12 hydras
  9 centaur warriors
  13 anacondas
  An alligator (Zig:13)
  3 merfolk avatars
  52 dancing weapons
  9 merfolk aquamancers
  3 satyrs
  A titan zombie (Tomb:2)
  11 deep troll earth magi
  11 hell hogs (Hell)
  15 ogre magi
  4 death knights
  5 vampire magi
  6 death yaks (Lair:6)
  8 deep troll shamans
  4 thrashing horrors
  76 death scarabs
  2 orc high priests
  2 tengu warriors
  3 spriggan berserkers
  3 soul eaters
  6 shock serpents
  A hell hog (shapeshifter) (Depths:3)
  15 naga sharpshooters
  43 deep elf knights
  The ghost of CannibalFerox the Quickloader, a novice MiHu of Okawaru (D:8)
  51 skeletal warriors
  A storm dragon skeleton (Tomb:1)
  14 iron trolls
  10 shadow wraiths
  2 sixfirhies
  15 hell knights
  13 sea snakes
  A sea snake (shapeshifter) (Vaults:5)
  2 golden dragon zombies
  4 wretched stars
  5 flayed ghosts
  30 deep trolls
  3 salamander mystics
  8 wizards
  A spriggan druid (Zig:8)
  2 unseen horrors
  11 glowing orange brains
  24 starcursed masses
  2 ghost moth zombies
  3 anaconda zombies
  A deep troll (shapeshifter) (Depths:3)
  4 obsidian statues
  46 deep elf archers
  A lindwurm (shapeshifter) (Depths:3)
  2 orange crystal statues
  A death drake (Zot:1)
  8 naga ritualists
  6 swamp dragons
  A glowing orange brain (shapeshifter) (Depths:1)
  17 hill giants
  An unseen horror (shapeshifter) (Vaults:5)
  A lindwurm (Lair:6)
  A swamp dragon (shapeshifter) (Depths:2)
  2 golden dragon skeletons
  2 shambling mangroves (Zig:13)
  A shadow dragon zombie (Abyss:1)
  15 ironbrand convokers
  13 orc knights
  A sphinx zombie (Crypt:2)
  An anaconda skeleton (Crypt:1)
  A hill giant (shapeshifter) (Depths:3)
  12 phantasmal warriors
  4 wolf spider zombies
  9 shining eyes
  7 necromancers
  15 mana vipers
  129 deep elf magi
  13 harpies
  A mana viper (shapeshifter) (Depths:3)
  2 harpies (shapeshifter)
  An iron dragon zombie (Crypt:3)
  A human zombie (Vaults:3)
  3 wolf spiders
  12 fauns
  18 orc sorcerers
  12 oklob plants
  42 ugly things
  18 manticores
  2 fire giant zombies
  A stone giant zombie (Crypt:3)
  14 cyclopes
  10 salamanders
  2 salamanders (shapeshifter)
  12 fire giant skeletons (Crypt:3)
  2 stone giant skeletons (Crypt:3)
  2 worldbinders
  3 elephants (Lair:6)
  45 black mambas
  5 toenail golems (Volcano)
  2 frost giant zombies (Tomb:3)
  2 moths of wrath (shapeshifter)
  13 vault sentinels
  22 naga magi
  6 smoke demons
  2 molten gargoyles (Depths:3)
  25 moths of wrath
  4 rust devils
  A titan simulacrum (Tomb:2)
  2 shock serpent zombies
  An eye of devastation (Slime:1)
  4 ice statues
  18 guardian serpents
  An iron dragon skeleton (Crypt:3)
  An eye of devastation (shapeshifter) (Vaults:2)
  6 sirens
  An apocalypse crab (Abyss:1)
  5 rime drakes
  8 water nymphs
  A torpor snail (Lair:5)
  11 gargoyles
  8 spiny frogs
  7 orange demons
  4 dire elephant skeletons
  An emperor scorpion zombie (Crypt:1)
  A komodo dragon (shapeshifter) (Vaults:3)
  74 yaktaurs
  2 hellions (Hell)
  3 rime drakes (shapeshifter)
  9 komodo dragons
  5 centaur skeletons
  A kobold demonologist (Abyss:1)
  A swamp worm zombie (Crypt:1)
  58 guardian mummies
  6 ice devils
  35 merfolk
  3 efreet
  18 freezing wraiths
  An anaconda simulacrum (Hell)
  2 hellwings (D:10)
  2 jumping spiders (Vaults:1)
  4 red devils
  16 wind drakes
  A black draconian skeleton (Tomb:1)
  A mottled draconian skeleton (Crypt:2)
  An ancient zyme (Zig:14)
  2 queen bees (shapeshifter)
  3 hydra zombies (Hell)
  An iron troll skeleton (Crypt:2)
  4 tengu conjurers
  A jumping spider (shapeshifter) (D:13)
  A queen ant zombie (Crypt:1)
  18 trolls
  5 hornets
  A polar bear (D:14)
  A troll (shapeshifter) (Vaults:5)
  2 hornets (shapeshifter)
  A tyrant leech (Zig:13)
  A meliai (shapeshifter) (Depths:3)
  19 blink frogs
  A wolf spider simulacrum (IceCv)
  A sphinx simulacrum (Vaults:3)
  Grinder (D:3)
  A hydra skeleton (Crypt:3)
  A blink frog (shapeshifter) (Depths:2)
  A snapping turtle (shapeshifter) (Depths:3)
  A harpy skeleton (Crypt:2)
  A hippogriff (shapeshifter) (Depths:3)
  125 slime creatures
  2 alligator zombies (Hell)
  4 bog bodies
  6 raiju
  31 two-headed ogres
  16 dream sheep
  A frost giant simulacrum (Crypt:1)
  12 hippogriffs
  5 fire dragon skeletons (Crypt:3)
  10 snapping turtles
  3 redbacks (Vaults:1)
  13 air elementals
  2 ice dragon zombies (Hell)
  3 ettin zombies
  2 centaur simulacra
  2 alligator skeletons (Hell)
  4 ettin skeletons
  8 shadows
  27 water elementals
  9 flying skulls
  5 ynoxinuls
  19 wraiths
  7 wyverns
  28 ushabtiu
  3 spriggans
  4 basilisks
  8 hungry ghosts
  70 yaks
  A spriggan (shapeshifter) (D:13)
  A vampire (Abyss:1)
  A basilisk (shapeshifter) (Depths:3)
  2 neqoxecs
  A golden eye (shapeshifter) (Vaults:5)
  13 golden eyes
  12 fire elementals
  3 steam dragons
  2 black mamba skeletons
  A vampire mosquito (Zig:13)
  6 chaos spawn
  8 large abominations
  3 mottled dragons
  35 nagas
  5 insubstantial wisps (Depths:3)
  3 spiny frog zombies
  10 water moccasins
  8 wargs
  Duvessa (D:5)
  2 hell hounds (Hell)
  A hydra simulacrum (Hell)
  4 porcupines
  3 black bears
  44 orc warriors
  A swamp drake (Zig:13)
  A hornet zombie (D:10)
  6 sky beasts
  An ice beast (shapeshifter) (Depths:3)
  19 ice beasts
  4 necrophages
  71 ogres
  8 eyes of draining
  7 boggarts
  A wolf (shapeshifter) (Depths:5)
  2 eyes of draining (shapeshifter)
  An ogre (shapeshifter) (Vaults:5)
  4 phantoms
  24 wolves
  2 swamp dragon skeletons (Crypt:3)
  A manticore skeleton (Tomb:2)
  12 centaurs
  10 crocodiles
  5 big kobolds
  A gnoll sergeant (D:9)
  15 earth elementals
  17 bullfrogs
  An elf skeleton (Crypt:2)
  Dowan (D:5)
  A hell hound zombie (Crypt:2)
  A wyvern zombie (D:10)
  A wyvern skeleton (D:14)
  5 scorpions
  8 killer bees
  27 wights
  2 electric eels
  A howler monkey (D:4)
  12 centaur zombies
  5 small abominations (Abyss:1)
  13 crimson imps
  4 quasits
  3 bullfrog zombies
  A bullfrog skeleton (D:13)
  5 draconian simulacra (IceCv)
  6 hounds
  6 jellies
  39 orc priests
  47 orc wizards
  2 iron imps (Hell)
  7 iguanas
  5 troll simulacra (IceCv)
  A polar bear simulacrum (IceCv)
  23 worker ants
  7 hell rats (Hell)
  A spriggan simulacrum (IceCv)
  2 wolf simulacra (IceCv)
  A naga skeleton (Crypt:1)
  A hound zombie (D:5)
  A hound skeleton (D:10)
  60 mummies
  4 worker ant zombies
  12 gnolls
  2 howler monkey skeletons
  15 adders
  4 naga simulacra (IceCv)
  5 ogre simulacra (IceCv)
  10 shadow imps
  17 white imps
  8 ufetubi
  An adder skeleton (D:4)
  An adder zombie (D:7)
  A halfling skeleton (Crypt:2)
  A worm (D:3)
  6 ball lightnings (Depths:3)
  A dart slug (D:1)
  4 leopard geckos
  126 orcs
  2 ball pythons
  10 bats
  3 giant cockroaches
  14 goblins
  A goblin (shapeshifter) (Vaults:5)
  8 hobgoblins
  6 jackals
  27 kobolds
  4 quokkas
  7 frilled lizards
  2 gnoll skeletons (Crypt:1)
  A jackal skeleton (D:7)
  An orc zombie (Crypt:1)
  4 rats
  A bush (D:8)
  4 fungi
  A lurking horror (Abyss:1)
  32 plants
  2 starspawn tentacles (Abyss:1)
  A tentacle (Shoals:4)
  A withered plant (D:10)
4017 creatures vanquished.

Vanquished Creatures (collateral kills)
  A gargoyle (Zig:15)
  A wolf (Lair:4)
2 creatures vanquished.

Vanquished Creatures (others)
  A tengu reaver (Depths:4)
  An eldritch tentacle (Zot:5)
  4 death scarabs (Tomb:3)
  A large abomination (Zig:14)
  A deep elf mage (Elf:1)
  A moth of wrath (Zot:5)
  A fire giant skeleton (Tomb:1)
  A spiny frog (Lair:4)
  A yaktaur (Vaults:5)
  5 flying skulls (Tomb:2)
  A water elemental (Depths:3)
  A golden eye (Zig:14)
  An orc warrior (Vaults:5)
  An eye of draining (Zig:14)
  A wolf (Lair:4)
  An ogre (Vaults:5)
  3 mummies
  A ball lightning (Depths:3)
  A quokka (D:15)
  11 fungi
  41 plants
  7 starspawn tentacles (Abyss:1)
  67 tentacles
  41 withered plants (Crypt:3)
195 creatures vanquished.

Grand Total: 4214 creatures vanquished

Notes
Turn   | Place    | Note
-------+----------+-------------------------------------------
     0 | D:1      | CannibalFerox the Minotaur Hunter began the quest for the Orb.
     0 | D:1      | Reached XP level 1. HP: 18/18 MP: 0/0
   231 | D:1      | Reached XP level 2. HP: 25/25 MP: 1/1
   281 | D:1      | Reached skill level 5 in Crossbows
   682 | D:2      | Reached XP level 3. HP: 30/30 MP: 2/2
   696 | D:2      | Found a glowing golden altar of the Shining One.
   700 | D:2      | Found a sparkling altar of Nemelex Xobeh.
   703 | D:2      | Found a snail-covered altar of Cheibriados.
  1364 | D:3      | Found a faded altar of an unknown god.
  1375 | D:3      | Noticed Grinder
  1390 | D:2      | Reached skill level 1 in Maces & Flails
  1545 | D:2      | Reached XP level 4. HP: 37/37 MP: 3/3
  1604 | D:3      | Reached skill level 1 in Armour
  2226 | D:3      | Paralysed by Grinder for 4 turns
  2641 | D:3      | Reached XP level 5. HP: 39/45 MP: 4/4
  2731 | D:4      | Reached skill level 1 in Stealth
  2878 | D:4      | Reached XP level 6. HP: 51/51 MP: 5/5
  3201 | D:3      | Paralysed by Grinder for 7 turns
  3216 | D:3      | Killed Grinder
  3216 | D:3      | Reached XP level 7. HP: 43/58 MP: 6/6
  3357 | D:5      | Entered Level 5 of the Dungeon
  3488 | D:5      | Noticed Dowan
  3489 | D:5      | Noticed Duvessa
  3734 | D:5      | Found a blossoming altar of Fedhas.
  4307 | D:5      | Reached XP level 8. HP: 63/66 MP: 7/7
  4699 | D:6      | Reached skill level 1 in Axes
  5471 | D:6      | Found a basalt altar of Yredelemnul.
  5881 | D:7      | Reached skill level 5 in Fighting
  5900 | D:7      | Found a staircase to the Ecumenical Temple.
  5928 | Temple   | Entered the Ecumenical Temple
  6046 | Temple   | Became a worshipper of Warmaster Okawaru
  6331 | D:7      | Reached skill level 5 in Armour
  6433 | D:7      | Reached skill level 10 in Crossbows
  6433 | D:7      | Reached XP level 9. HP: 67/74 MP: 8/8
  6470 | D:7      | Got a dazzling ring mail
  6498 | D:7      | Identified the cursed +0 ring mail "Dellam" {*Drain rPois Str+5 Int+4} (You found it on level 7 of the Dungeon)
  7243 | D:5      | Killed Duvessa
  7246 | D:5      | Killed Dowan
  7384 | D:8      | Reached * piety under Okawaru
  7462 | D:8      | Noticed an ice devil
  7467 | D:8      | Noticed an ice devil
  7471 | D:8      | Noticed CannibalFerox's ghost (novice MiHu)
  7472 | D:8      | Noticed an ice devil
  7475 | D:8      | Noticed an ice devil
  7689 | D:8      | HP: 1/75 [ice beast (14)]
  7969 | D:8      | Got a polished scale mail
  7991 | D:8      | Identified the +0 scale mail of the Yeti {rElec rF+} (You found it on level 8 of the Dungeon)
  8036 | D:8      | Reached ** piety under Okawaru
  8267 | D:8      | Found a stormy altar of Qazlal.
  8351 | D:8      | Noticed an ice devil
  8361 | D:8      | Noticed an ice devil
  8378 | D:8      | Noticed an ice statue
  8928 | D:9      | Reached XP level 10. HP: 78/86 MP: 9/9
  9051 | D:9      | Noticed a deep elf mage
  9054 | D:9      | Reached skill level 5 in Axes
  9103 | D:8      | HP: 4/86 [warg (11)]
  9610 | D:9      | Found a staircase to the Orcish Mines.
  9807 | D:9      | Killed a deep elf mage
  9807 | D:9      | Reached *** piety under Okawaru
  9807 | D:9      | Reached skill level 5 in Dodging
 10459 | D:9      | Found a staircase to the Lair.
 10471 | D:9      | Reached **** piety under Okawaru
 11066 | Lair:1   | Entered Level 1 of the Lair of Beasts
 11204 | Lair:1   | Found a dark tunnel.
 11243 | Volcano  | Entered a volcano
 11249 | Volcano  | Noticed a wizard
 11257 | Volcano  | Killed a wizard
 11257 | Volcano  | Reached ***** piety under Okawaru
 11257 | Volcano  | Reached XP level 11. HP: 97/97 MP: 10/10
 11306 | Volcano  | Noticed a wizard
 11312 | Volcano  | Killed a wizard
 11312 | Volcano  | Received a gift from Okawaru
 11360 | Volcano  | Noticed a mace of flaming
 11421 | Volcano  | Killed a mace of flaming
 11737 | Volcano  | Noticed a wizard
 11737 | Volcano  | Noticed a wizard
 11758 | Volcano  | Killed a wizard
 11771 | Volcano  | Killed a wizard
 12047 | Volcano  | Noticed a wizard
 12070 | Volcano  | Received a gift from Okawaru
 12275 | Volcano  | Killed a wizard
 12505 | Lair:1   | Reached skill level 10 in Fighting
 13835 | Lair:2   | Reached XP level 12. HP: 108/108 MP: 11/11
 13907 | Lair:2   | Got a dull robe
 14347 | Lair:2   | Found a staircase to the Shoals.
 14773 | Lair:3   | Found a staircase to the Snake Pit.
 15397 | Lair:3   | Received a gift from Okawaru
 15400 | Lair:3   | Got a faintly humming cloak {god gift}
 15411 | Lair:3   | Identified the -1 cloak of the Stag {*Corrode *Drain rC+ rN++} (Okawaru gifted it to you on level 3 of the Lair of Beasts)
 15600 | Lair:4   | HP: 5/110 [wolf (10)]
 15602 | Lair:4   | Reached skill level 1 in Evocations
 16203 | Lair:4   | Reached skill level 10 in Axes
 16341 | Lair:4   | HP: 5/111 [poisoned by a spiny frog]
 16721 | Lair:4   | Got an ominously black robe
 16856 | Lair:4   | Got an ominously black robe
 17492 | Lair:4   | Identified the +1 robe "Koem Xucyd" {rF+ MP+9} (You found it on level 2 of the Lair of Beasts)
 17502 | Lair:4   | Identified the +3 robe of Guzagis {Str+7 Dex+5} (You found it on level 4 of the Lair of Beasts)
 17512 | Lair:4   | Identified the +0 robe of the Centipede {+Blink rElec rPois Dex-3} (You found it on level 4 of the Lair of Beasts)
 17765 | D:8      | Killed CannibalFerox's ghost
 18242 | D:8      | Reached XP level 13. HP: 65/118 MP: 13/13
 19008 | D:8      | Received a gift from Okawaru
 19776 | Lair:5   | Found a viscous altar of Jiyva.
 19776 | Lair:5   | Found a staircase to the Slime Pits.
 19885 | Lair:5   | Got a crude pewter ring
 20086 | Lair:5   | Found a runed door.
 20128 | Lair:5   | Reached ****** piety under Okawaru
 20578 | Lair:5   | You fall through a shaft!
 20578 | Lair:6   | Entered Level 6 of the Lair of Beasts
 21157 | Lair:6   | Identified the ring of Fepax {rC+ Slay+3 SInv} (You found it on level 5 of the Lair of Beasts)
 21188 | Lair:6   | Reached skill level 15 in Crossbows
 21843 | Lair:6   | Received a gift from Okawaru
 21992 | Lair:6   | Got a bound bone ring
 22386 | Lair:4   | Received a gift from Okawaru
 22433 | Lair:4   | Reached XP level 14. HP: 116/129 MP: 14/14
 22539 | Lair:4   | Received a gift from Okawaru
 22877 | Lair:1   | Identified the ring of Fedhas's Favour {rN++ Int+3} (You found it on level 6 of the Lair of Beasts)
 22990 | Orc:1    | Entered Level 1 of the Orcish Mines
 23042 | Orc:1    | Found a frozen archway.
 23067 | IceCv    | Entered an ice cave
 23439 | IceCv    | Found an ancient bone altar of Kikubaaqudgha.
 23958 | Orc:1    | Reached skill level 10 in Armour
 24405 | Orc:1    | Received a gift from Okawaru
 24437 | Orc:1    | Received a gift from Okawaru
 24595 | Orc:1    | Received a gift from Okawaru
 24854 | Orc:2    | Entered Level 2 of the Orcish Mines
 24944 | Orc:2    | Found Weip's Gadget Boutique.
 25037 | Orc:2    | Found a staircase to the Elven Halls.
 25397 | Orc:2    | Found Laulot's Distillery.
 25398 | Orc:2    | Found Natupp's Antique Armour Boutique.
 25399 | Orc:2    | Found Anutz's Magic Scroll Boutique.
 25405 | Orc:2    | Found Seduliur's Antique Armour Shop.
 25446 | Orc:2    | Bought a scroll of identify for 32 gold pieces
 25446 | Orc:2    | Bought a scroll of identify for 32 gold pieces
 25446 | Orc:2    | Bought a scroll of identify for 32 gold pieces
 25446 | Orc:2    | Bought a scroll of teleportation for 48 gold pieces
 25448 | Orc:2    | Bought a potion of curing for 42 gold pieces
 25448 | Orc:2    | Bought a potion of curing for 42 gold pieces
 25453 | Orc:2    | Bought a glowing hat for 340 gold pieces
 25993 | D:10     | Entered Level 10 of the Dungeon
 26010 | D:10     | Noticed Josephine
 26109 | D:10     | Killed Josephine
 26262 | D:10     | Noticed Erolcha
 26266 | D:10     | Killed Erolcha
 26307 | D:10     | Found a glowing golden altar of the Shining One.
 26438 | D:10     | Received a gift from Okawaru
 27655 | D:11     | Reached XP level 15. HP: 138/138 MP: 15/15
 27731 | D:11     | Received a gift from Okawaru
 28568 | D:12     | Got a spiked chain mail
 29251 | D:13     | Found a gate to the Vaults.
 29825 | D:13     | Identified the cursed +0 chain mail "Fove Ula" {+Blink +Fly rC- Regen+} (You found it on level 12 of the Dungeon)
 30236 | D:14     | Found a white marble altar of Elyvilon.
 30494 | D:14     | Found Nuinn's Food Shoppe.
 31571 | D:15     | Entered Level 15 of the Dungeon
 31683 | D:15     | Found a snail-covered altar of Cheibriados.
 31687 | D:15     | Received a gift from Okawaru
 32215 | D:15     | Received a gift from Okawaru
 32300 | D:15     | Found a staircase to the Depths.
 32306 | D:15     | Received a gift from Okawaru
 32422 | D:15     | Identified a scroll of acquirement
 32777 | Snake:1  | Entered Level 1 of the Snake Pit
 32811 | Lair:3   | Received a gift from Okawaru
 33052 | Lair:4   | Reached XP level 16. HP: 147/147 MP: 16/16
 33200 | Elf:1    | Entered Level 1 of the Elven Halls
 33399 | Elf:1    | Found a magical portal.
 33408 | WizLab   | Entered Iskenderun's Mystic Tower
 34266 | WizLab   | Received a gift from Okawaru
 34314 | WizLab   | Identified Iskenderun's Catalogue of Confrontation
 34314 | WizLab   | Identified Iskenderun's Catalogue of Battle Magic
 34334 | WizLab   | Reached skill level 15 in Fighting
 34411 | WizLab   | Received a gift from Okawaru
 34795 | Elf:1    | Noticed a Brimstone Fiend
 35150 | Elf:1    | Received a gift from Okawaru
 35297 | Elf:1    | Identified the Almanac of Creative Arcane Weapons
 36040 | Elf:1    | Reached XP level 17. HP: 78/156 MP: 17/17
 37313 | Slime:1  | Entered Level 1 of the Pits of Slime
 37313 | Slime:1  | Noticed an acid blob
 37565 | Snake:1  | Found Esaschez's Antique Armour Boutique.
 37566 | Snake:1  | Found Agi Qemn's Book Shop.
 37591 | Snake:1  | Bought a pair of scorched boots for 370 gold pieces
 37596 | Snake:1  | Identified the cursed +0 pair of boots of Pragmatism {+Inv rElec rC- Dex+7} (You bought it in a shop on level 1 of the Snake Pit)
 38020 | Snake:2  | Noticed Vashnia
 38025 | Snake:2  | Killed Vashnia
 38180 | Snake:2  | Noticed Saint Roka
 38193 | Snake:2  | Killed Saint Roka
 38193 | Snake:2  | Received a gift from Okawaru
 38236 | Snake:2  | Got an ancient plate armour {god gift}
 38846 | Snake:2  | Noticed Asterion
 38854 | Snake:2  | Killed Asterion
 40335 | Snake:3  | Noticed Bai Suzhen
 40352 | Snake:3  | Killed Bai Suzhen
 40352 | Snake:3  | Received a gift from Okawaru
 40542 | Snake:3  | Reached XP level 18. HP: 101/166 MP: 18/18
 40833 | Snake:3  | Received a gift from Okawaru
 41107 | Lair:1   | Identified the +3 plate armour of Nacrey {rF+} (Okawaru gifted it to you on level 2 of the Snake Pit)
 41195 | Shoals:1 | Entered Level 1 of the Shoals
 41195 | Shoals:1 | Noticed Nikola
 41204 | Lair:2   | Killed Nikola
 41509 | Shoals:1 | Noticed Louise
 41513 | Shoals:1 | Killed Louise
 41513 | Shoals:1 | Received a gift from Okawaru
 41514 | Shoals:1 | Reached skill level 1 in Invocations
 42301 | Shoals:2 | Noticed Roxanne
 43677 | Shoals:2 | Killed Roxanne
 43777 | Shoals:3 | Noticed Aizul
 43789 | Shoals:3 | Killed Aizul
 44033 | Shoals:3 | Found Ampuaca's Antique Armour Shoppe.
 44082 | Shoals:3 | Noticed Mara
 44135 | Shoals:3 | Noticed CannibalFerox's illusion
 44535 | Shoals:3 | Noticed CannibalFerox's illusion
 44734 | Shoals:3 | Received a gift from Okawaru
 45803 | Shoals:4 | Entered Level 4 of the Shoals
 46128 | Shoals:4 | Got a steaming brass ring
 46432 | Shoals:4 | Noticed Ilsuiw
 46465 | Shoals:4 | Killed Ilsuiw
 46851 | Shoals:4 | Found Jathejushe's Gadget Emporium.
 46872 | Shoals:4 | Reached XP level 19. HP: 166/177 MP: 19/19
 47416 | Shoals:4 | Got a bound glass ring
 47447 | Shoals:4 | Received a gift from Okawaru
 47900 | Shoals:4 | Found Bucw's Antique Armour Shoppe.
 48240 | Shoals:4 | Received a gift from Okawaru
 48482 | Shoals:4 | Got a warped lead amulet
 48519 | Shoals:4 | Got a barnacled rune of Zot
 48997 | Lair:1   | Identified the ring "Exka Cye" {rElec rPois rN+++ Str+2 Int-3} (You found it on level 4 of the Shoals)
 48999 | Lair:1   | Identified the ring of Burphips {*Tele rPois} (You found it on level 4 of the Shoals)
 49028 | Lair:1   | Identified the amulet "Gifiz" {RegenMP rElec rPois rC+} (You found it on level 4 of the Shoals)
 49178 | Snake:4  | Entered Level 4 of the Snake Pit
 50173 | Snake:4  | Received a gift from Okawaru
 50960 | Snake:4  | Received a gift from Okawaru
 51195 | Snake:4  | Reached XP level 20. HP: 187/187 MP: 20/20
 51404 | Snake:4  | Got a serpentine rune of Zot
 52164 | Elf:2    | Found a runed gate.
 52164 | Elf:2    | Found a runed gate.
 52164 | Elf:2    | Found a runed gate.
 52777 | Elf:2    | Received a gift from Okawaru
 53457 | Elf:3    | Entered Level 3 of the Elven Halls
 53685 | Elf:3    | Reached skill level 27 in Crossbows
 54207 | Elf:3    | Reached skill level 15 in Armour
 54707 | Elf:3    | Received a gift from Okawaru
 54910 | Elf:3    | Received a gift from Okawaru
 54910 | Elf:3    | Reached XP level 21. HP: 109/200 MP: 21/21
 54977 | Elf:3    | Got an ichor-stained leather armour
 54988 | Elf:3    | Identified Jianozu's Tome of Assistive Enchantment
 55020 | Elf:3    | Identified the +1 leather armour "Vaniatoe" {Slay+6} (You took it off a deep elf blademaster on level 3 of the Elven Halls)
 55061 | Elf:3    | Got a wavering bronze ring
 55074 | Elf:3    | Identified the ring of Soneasusa {+Inv rC++ MP+9 Str+3 Stlth-} (You found it on level 3 of the Elven Halls)
 55854 | Vaults:1 | Entered Level 1 of the Vaults
 55925 | Vaults:1 | Reached skill level 5 in Stealth
 56278 | Vaults:1 | Received a gift from Okawaru
 56291 | Vaults:1 | Got an encrusted hat {god gift}
 56302 | Vaults:1 | Identified the +0 hat of the Kangaroo {*Contam Str+8 SInv Stlth-} (Okawaru gifted it to you on level 1 of the Vaults)
 56726 | Vaults:1 | Paralysed by a vault sentinel for 6 turns
 57033 | Vaults:1 | Got a slimy arbalest
 57041 | Vaults:1 | Identified the +8 arbalest "Elem" {velocity, *Drain rPois rN+ Dex+3} (You found it on level 1 of the Vaults)
 59627 | Vaults:2 | Found Loplolo's Jewellery Shop.
 60352 | Vaults:3 | Reached XP level 22. HP: 209/215 MP: 22/22
 60417 | Vaults:3 | Received a gift from Okawaru
 60601 | Vaults:3 | Reached skill level 10 in Dodging
 60856 | Vaults:3 | Found a staircase to the Crypt.
 61068 | Vaults:3 | Received a gift from Okawaru
 61104 | Vaults:3 | Found Neocev's Distillery.
 62620 | Vaults:4 | Received a gift from Okawaru
 63264 | Vaults:4 | Gained mutation: You are clumsy. (Dex -2) [mutagenic glow]
 63384 | Vaults:4 | Found Luwoyxi's Food Boutique.
 64673 | Vaults:1 | Received a gift from Okawaru
 64896 | Vaults:3 | Bought 2 potions of agility for 112 gold pieces
 64896 | Vaults:3 | Bought a potion of curing for 42 gold pieces
 65050 | Vaults:5 | Entered Level 5 of the Vaults
 65052 | Vaults:5 | Noticed an ancient lich
 65059 | Vaults:5 | Reached XP level 23. HP: 163/232 MP: 16/23
 65167 | Vaults:4 | Received a gift from Okawaru
 65170 | Vaults:4 | Killed an ancient lich
 65170 | Vaults:4 | Reached skill level 15 in Axes
 66544 | Vaults:5 | Received a gift from Okawaru
 66559 | Vaults:5 | Got a translucent flail {pain}
 67069 | Vaults:5 | Got a pitted steel ring
 67119 | Vaults:5 | Identified the +2 flail of Iconoclasm {pain, *Corrode rPois Str+4 Dex+3} (You took it off a deep elf high priest on level 5 of the Vaults)
 67366 | Vaults:5 | Got a twisted flail
 67371 | Vaults:5 | Identified the +9 flail of Misery {drain, rF+} (You found it on level 5 of the Vaults)
 67585 | Vaults:5 | Reached XP level 24. HP: 231/244 MP: 24/24
 67633 | Vaults:5 | Identified the ring "Vaoqy" {+Fly Str+3} (You took it off a yaktaur captain on level 5 of the Vaults)
 67746 | Vaults:5 | Received a gift from Okawaru
 67987 | Vaults:5 | Got a flickering lapis lazuli ring
 68010 | Vaults:5 | Noticed Sojobo
 68024 | Vaults:5 | Killed Sojobo
 68123 | Vaults:5 | Identified the ring "Zioqas" {rElec Str+6} (You took it off a vault warden on level 5 of the Vaults)
 68264 | Vaults:5 | Got a silver rune of Zot
 68420 | Vaults:5 | Got a translucent ring mail {god gift}
 68707 | Lair:1   | Identified the +1 ring mail "Qaongy" {+Inv MR++ Regen+ Dex-2} (Okawaru gifted it to you on level 5 of the Vaults)
 68746 | Lair:1   | Got a faintly glowing triple crossbow
 68747 | Lair:1   | Identified the +7 triple crossbow of Extinguishment {venom, -Tele MR++ Dex+4} (You acquired it on level 1 of the Lair of Beasts)
 68751 | Lair:1   | Got an ichor-stained arbalest
 68752 | Lair:1   | Identified the +8 arbalest of Wiusmuto {penet, rElec rC+++ Str-2} (You acquired it on level 1 of the Lair of Beasts)
 69000 | Depths:1 | Entered Level 1 of the Depths
 69259 | Depths:1 | Received a gift from Okawaru
 69518 | Depths:1 | Received a gift from Okawaru
 69539 | Depths:1 | Got a faintly humming hat {god gift}
 69781 | Depths:1 | Found a one-way gate to the infinite horrors of the Abyss.
 69812 | Depths:1 | Reached skill level 27 in Fighting
 70017 | Depths:1 | Found a gateway to Hell.
 71055 | Depths:1 | Identified the Handbook of Poisonous Moulding
 71345 | Depths:2 | Found a gateway to a ziggurat.
 71733 | Depths:2 | Got a crude flail
 72379 | Depths:2 | Found a one-way gate leading to the halls of Pandemonium.
 72382 | Depths:2 | Received a gift from Okawaru
 72705 | Depths:3 | Reached XP level 25. HP: 257/257 MP: 25/25
 72917 | Depths:3 | Reached skill level 5 in Evocations
 72928 | Depths:3 | Noticed a shard shrike
 72928 | Depths:3 | an acid blob changed into a shard shrike
 72930 | Depths:3 | a shard shrike changed into a titan
 72932 | Depths:3 | Noticed a juggernaut
 72932 | Depths:3 | a titan changed into a juggernaut
 72934 | Depths:3 | Killed a juggernaut
 73485 | Depths:3 | Received a gift from Okawaru
 73488 | Depths:3 | Got a pair of jewelled gloves {god gift}
 73650 | Depths:3 | Identified the +0 pair of gloves of Plog {rPois rC- Str+6 Dex+3} (Okawaru gifted it to you on level 3 of the Depths)
 73701 | Depths:3 | Got a shimmering wooden ring
 73703 | Depths:3 | Identified the ring of the Hare {rElec rC+ rN+ Int+4} (You found it on level 3 of the Depths)
 73709 | Depths:3 | Identified the +2 hat of Thoughtfulness {rF+ Dex+8 Stlth-} (Okawaru gifted it to you on level 1 of the Depths)
 73758 | Depths:3 | Gained mutation: Scrolls take you a little longer to read. [mutagenic glow]
 73797 | Depths:3 | Identified the Collected Works on the Blaze
 73799 | Depths:3 | Identified Xuesic's Reference Book on the Fetching Rocks
 74937 | Depths:4 | Found a flickering gateway to a bazaar.
 74951 | Bazaar   | Entered a bazaar
 74953 | Bazaar   | Found Keuqunuf's Magic Scroll Boutique.
 74957 | Bazaar   | Bought a scroll of teleportation for 30 gold pieces
 74957 | Bazaar   | Found Biceozxe's Antique Weapon Boutique.
 74957 | Bazaar   | Found Mano's Book Boutique.
 74957 | Bazaar   | Found Foydeawk's Food Boutique.
 74985 | Bazaar   | Bought a glowing triple crossbow for 320 gold pieces
 74995 | Bazaar   | Bought a scroll of brand weapon for 200 gold pieces
 74995 | Bazaar   | Bought a scroll of fear for 35 gold pieces
 74995 | Bazaar   | Bought a scroll of enchant armour for 75 gold pieces
 74995 | Bazaar   | Bought a scroll of fear for 35 gold pieces
 75024 | Bazaar   | Bought a scroll of recharging for 95 gold pieces
 76081 | Depths:4 | Noticed a juggernaut
 76095 | Depths:4 | Killed a juggernaut
 76287 | Depths:4 | Received a gift from Okawaru
 76471 | Depths:4 | Noticed a juggernaut
 76477 | Depths:4 | Received a gift from Okawaru
 76668 | Depths:4 | Reached skill level 5 in Invocations
 76723 | Depths:4 | Killed a juggernaut
 76743 | Depths:4 | Reached XP level 26. HP: 264/266 MP: 27/27
 76805 | Depths:4 | Got a bloodstained triple crossbow {god gift}
 76810 | Depths:4 | Found Uxulauss's Book Shoppe.
 76810 | Depths:4 | Found Jyci Zam's Armour Shop.
 76812 | Depths:4 | Found Foschidi's Jewellery Boutique.
 76816 | Depths:4 | Identified the +7 triple crossbow of Linearity {elec, rPois MP+9 Str+7} (Okawaru gifted it to you on level 4 of the Depths)
 76820 | Depths:4 | Found Joluk's General Store.
 76865 | Depths:4 | Bought a potion of curing for 39 gold pieces
 76865 | Depths:4 | Bought a potion of heal wounds for 65 gold pieces
 77411 | Shoals:4 | Bought a wand of hasting (5/9) for 1134 gold pieces
 77451 | Shoals:2 | Killed Mara
 77870 | Depths:5 | Entered Level 5 of the Depths
 77988 | Depths:5 | Cast into level 4 of the Abyss (a lich)
 77997 | Depths:5 | Escaped the Abyss
 78078 | Depths:5 | Received a gift from Okawaru
 78290 | Depths:5 | Noticed a juggernaut
 78328 | Depths:5 | Got a scorched amber ring
 78414 | Depths:5 | Received a gift from Okawaru
 78611 | Depths:5 | Found a gate to the Realm of Zot.
 78723 | Depths:5 | Found a runed door.
 79105 | Depths:5 | Killed a juggernaut
 79187 | Depths:5 | Received a gift from Okawaru
 79615 | Zot:1    | Entered Level 1 of the Realm of Zot
 80181 | Zot:1    | Received a gift from Okawaru
 80181 | Zot:1    | Reached XP level 27. HP: 143/270 MP: 29/29
 80542 | Zot:1    | Received a gift from Okawaru
 80914 | Zot:1    | Received a gift from Okawaru
 81590 | Zot:2    | Reached skill level 15 in Dodging
 82336 | Zot:2    | Reached skill level 27 in Armour
 82357 | Zot:2    | Reached skill level 10 in Evocations
 82767 | Zot:2    | Identified the ring of Oshen {rPois rF+ Str+3 Int+3} (You took it off a yaktaur on level 5 of the Depths)
 83001 | Zot:3    | Received a gift from Okawaru
 83387 | Zot:3    | Found a shimmering altar of Xom.
 83467 | Zot:3    | Identified the Incunabulum of the Zealot
 83498 | Zot:3    | Identified the Volume of Fire and Brimstone
 83805 | Zot:3    | Reached skill level 10 in Invocations
 84056 | Zot:3    | Received a gift from Okawaru
 85303 | Zot:4    | Received a gift from Okawaru
 85353 | Zot:4    | Got a pitted battleaxe
 85354 | Zot:4    | Identified the +4 battleaxe of Axtitily {flame, MR+++ Str-2} (You found it on level 4 of the Realm of Zot)
 85892 | Zot:5    | Entered Level 5 of the Realm of Zot
 85896 | Zot:5    | Received a gift from Okawaru
 86061 | Zot:5    | Reached skill level 15 in Invocations
 86608 | Zot:5    | Received a gift from Okawaru
 86704 | Zot:5    | Gained mutation: You are robust. (+10% HP) [an orb of fire]
 86705 | Zot:5    | Noticed an orb of fire
 86834 | Zot:5    | Killed an orb of fire
 86856 | Zot:5    | Noticed an ancient lich
 86860 | Zot:5    | Killed an ancient lich
 86861 | Zot:5    | Noticed an orb of fire
 86861 | Zot:5    | Gained mutation: Scrolls take you longer to read. [an orb of fire]
 86864 | Zot:5    | Killed an orb of fire
 86884 | Zot:5    | Noticed an ancient lich
 86887 | Zot:5    | Killed an ancient lich
 87008 | Zot:5    | Noticed an ancient lich
 87014 | Zot:5    | Killed an ancient lich
 87152 | Zot:5    | Noticed an orb of fire
 87164 | Zot:5    | Gained mutation: You occasionally shout uncontrollably at your foes. [an orb of fire]
 87171 | Zot:5    | Killed an orb of fire
 87292 | Zot:5    | Noticed an orb of fire
 87302 | Zot:5    | Killed an orb of fire
 87302 | Zot:5    | Received a gift from Okawaru
 87523 | Zot:5    | Received a gift from Okawaru
 87756 | Zot:5    | Received a gift from Okawaru
 89339 | Slime:1  | Lost mutation: Scrolls take you longer to read. [a shining eye]
 89416 | Slime:1  | Gained mutation: Armour fits poorly on your strangely shaped body. [a shining eye]
 90864 | Slime:3  | Received a gift from Okawaru
 91253 | Slime:3  | Received a gift from Okawaru
 92091 | Lair:1   | Lost mutation: You are robust. (+10% HP) [potion of cure mutation]
 92091 | Lair:1   | Lost mutation: You are clumsy. (Dex -2) [potion of cure mutation]
 92091 | Lair:1   | Lost mutation: Scrolls take you a little longer to read. [potion of cure mutation]
 92091 | Lair:1   | Lost mutation: Armour fits poorly on your strangely shaped body. [potion of cure mutation]
 92244 | Slime:5  | Entered Level 5 of the Pits of Slime
 92498 | Slime:5  | Gained mutation: Scrolls take you a little longer to read. [a shining eye]
 92612 | Slime:5  | Received a gift from Okawaru
 92733 | Slime:5  | Noticed the Royal Jelly
 92877 | Slime:5  | Found a viscous altar of Jiyva.
 93105 | Slime:5  | Killed the Royal Jelly
 93105 | Slime:5  | Received a gift from Okawaru
 93143 | Slime:5  | Got a slimy rune of Zot
 93209 | Slime:5  | Got a steaming wooden ring
 93436 | Slime:5  | Identified the ring "Foijoa" {Wiz Str+3 Int+3 Stlth+} (You found it on level 5 of the Pits of Slime)
 93444 | Slime:5  | Got a shimmering trident
 93813 | D:10     | Fell from the grace of Okawaru
 93813 | D:10     | Became a worshipper of the Shining One
 94060 | Crypt:1  | Entered Level 1 of the Crypt
 94179 | Crypt:1  | Reached * piety under the Shining One
 94331 | Crypt:1  | Reached ** piety under the Shining One
 94444 | Crypt:1  | Reached *** piety under the Shining One
 94521 | Crypt:1  | Reached **** piety under the Shining One
 94732 | Crypt:1  | Reached ***** piety under the Shining One
 95440 | Crypt:2  | Identified the Collected Works on Dark Magic
 95653 | Crypt:2  | Reached ****** piety under the Shining One
 96688 | D:10     | Identified a +2 triple crossbow of holy wrath (a +0 triple crossbow of freezing blessed by the Shining One)
 96688 | D:10     | Received a gift from the Shining One
 96829 | Lair:1   | Lost mutation: Scrolls take you a little longer to read. [potion of cure mutation]
 96829 | Lair:1   | Lost mutation: You occasionally shout uncontrollably at your foes. [potion of cure mutation]
 96830 | Lair:1   | Gained mutation: Your system is resistant to poisons. (rPois) [potion of beneficial mutation]
 97171 | Crypt:3  | Entered Level 3 of the Crypt
 97326 | Crypt:3  | Got a twitching tin ring
 97332 | Crypt:3  | Got a transparent platinum ring
 98349 | Crypt:3  | Paralysed by a sphinx for 3 turns
 98743 | Crypt:3  | Found a staircase to the Tomb.
 98854 | Crypt:3  | Found an ancient bone altar of Kikubaaqudgha.
 98856 | Crypt:3  | Noticed an ancient lich
 98865 | Crypt:3  | Killed an ancient lich
 98921 | Crypt:3  | Got a polished hat
 98932 | Crypt:3  | Identified the +1 hat of Dithmenos's Esteem {Str+2 Dex-2 SInv} (You found it on level 3 of the Crypt)
 98965 | Crypt:3  | Noticed an ancient lich
 98967 | Crypt:3  | Killed an ancient lich
 99577 | Lair:1   | Identified the cursed ring "Joizor" {Str+3 Slay-3 Stlth+} (You found it on level 3 of the Crypt)
 99580 | Lair:1   | Identified the ring of Zuicsam {+Blink rF+ Dex+2 SInv} (You found it on level 3 of the Crypt)
 99860 | Hell     | Entered the Vestibule of Hell
 99860 | Hell     | Noticed Geryon
 99874 | Hell     | Killed Geryon
100042 | Hell     | Found a gateway to the freezing wastes of Cocytus.
100393 | Hell     | Found a gateway to the Iron City of Dis.
100489 | Hell     | Found a gateway to the ashen valley of Gehenna.
100637 | Hell     | Found a gateway to the decaying netherworld of Tartarus.
100773 | Depths:1 | Voluntarily entered the Abyss.
101145 | Abyss:1  | Was forgiven by Okawaru
101558 | Depths:1 | Escaped the Abyss
101922 | Tomb:1   | Entered Level 1 of the Tomb of the Ancients
101992 | Tomb:1   | Noticed Jory
101998 | Tomb:1   | Killed Jory
102361 | Tomb:1   | Noticed a greater mummy
102377 | Tomb:1   | Killed a greater mummy
102381 | Tomb:1   | Paralysed by a lich for 6 turns
103294 | Tomb:1   | Gained mutation: You regenerate slowly when monsters are visible. [a Zot trap]
103638 | Tomb:2   | Noticed a greater mummy
103640 | Tomb:2   | Noticed an ancient lich
103645 | Tomb:2   | Noticed a greater mummy
103784 | Tomb:2   | Noticed a greater mummy
103823 | Tomb:2   | Noticed Jorgrun
103985 | Tomb:1   | Killed a greater mummy
103989 | Tomb:1   | Killed an ancient lich
104306 | Tomb:1   | Killed a greater mummy
104779 | Tomb:1   | Killed a greater mummy
104956 | Tomb:1   | Killed Jorgrun
105648 | Tomb:1   | Noticed a greater mummy
105650 | Tomb:1   | Noticed a greater mummy
105654 | Tomb:2   | Killed a greater mummy
105725 | Tomb:1   | Noticed a greater mummy
105830 | Tomb:2   | Killed a greater mummy
105847 | Tomb:1   | Killed a greater mummy
105861 | Tomb:1   | Noticed a greater mummy
105864 | Tomb:1   | Killed a greater mummy
105912 | Tomb:1   | Noticed a greater mummy
105915 | Tomb:1   | Killed a greater mummy
106047 | Tomb:1   | Noticed a greater mummy
106053 | Tomb:1   | Killed a greater mummy
106081 | Tomb:1   | Noticed a greater mummy
106085 | Tomb:1   | Killed a greater mummy
106105 | Tomb:1   | Noticed a greater mummy
106106 | Tomb:1   | Killed a greater mummy
106172 | Tomb:1   | Noticed a greater mummy
106177 | Tomb:1   | Noticed a greater mummy
106190 | Tomb:1   | Killed a greater mummy
106190 | Tomb:1   | Reached skill level 27 in Axes
106194 | Tomb:1   | Killed a greater mummy
106281 | Tomb:1   | Noticed a greater mummy
106288 | Tomb:1   | Killed a greater mummy
106515 | Tomb:1   | Got a twisted trident {pierce}
106961 | Tomb:3   | Entered Level 3 of the Tomb of the Ancients
107052 | Tomb:3   | Noticed a greater mummy
107140 | Tomb:2   | Killed a greater mummy
107298 | Tomb:3   | Noticed an ancient lich
107358 | Tomb:3   | Killed an ancient lich
107760 | Tomb:3   | Noticed a greater mummy
107780 | Tomb:3   | Killed a greater mummy
108109 | Tomb:3   | Got a faintly glowing graven amulet
108122 | Tomb:3   | Noticed a greater mummy
108138 | Tomb:3   | Killed a greater mummy
108239 | Tomb:3   | Got a steaming bone ring
108241 | Tomb:3   | Got a crude turquoise ring
108255 | Tomb:3   | Identified the amulet "Cawuycig" {Gourm +Blink MR+ Dex-4 Slay+3} (You found it on level 3 of the Tomb of the Ancients)
108257 | Tomb:3   | Identified the ring of Xom's Hatred {rPois rF+ Int+2 Dex-5} (You found it on level 3 of the Tomb of the Ancients)
108259 | Tomb:3   | Identified the ring of Xom's Supremacy {rC++ MR+ MP+9} (You found it on level 3 of the Tomb of the Ancients)
108358 | Tomb:3   | Noticed a greater mummy
108363 | Tomb:3   | Noticed a greater mummy
108366 | Tomb:3   | Killed a greater mummy
108377 | Tomb:3   | Killed a greater mummy
108457 | Tomb:3   | Noticed a greater mummy
108461 | Tomb:3   | Killed a greater mummy
108615 | Tomb:3   | Noticed a greater mummy
108621 | Tomb:3   | Killed a greater mummy
108686 | Tomb:3   | Noticed a greater mummy
108695 | Tomb:3   | Killed a greater mummy
109067 | Tomb:3   | Got a golden rune of Zot
111544 | Zig:1    | Entered Level 1 of a ziggurat
111570 | Zig:2    | Entered Level 2 of a ziggurat
111675 | Zig:3    | Entered Level 3 of a ziggurat
111719 | Zig:3    | Got a polished cloak
111732 | Zig:3    | Identified the cursed -6 cloak of the Hidden Vale {Int+3} (You found it on level 3 of a ziggurat)
111758 | Zig:4    | Entered Level 4 of a ziggurat
111840 | Zig:4    | Got a vibrating amber ring
111853 | Zig:4    | Identified the ring "Kausaj" {*Contam rF++ Int+6 Slay+6} (You found it on level 4 of a ziggurat)
111856 | Zig:5    | Entered Level 5 of a ziggurat
111926 | Zig:5    | Reached skill level 10 in Stealth
111935 | Zig:6    | Entered Level 6 of a ziggurat
111940 | Zig:6    | Reached skill level 1 in Polearms
112071 | Zig:7    | Entered Level 7 of a ziggurat
112241 | Zig:8    | Entered Level 8 of a ziggurat
112268 | Zig:8    | Reached skill level 10 in Polearms
112335 | Zig:8    | Identified the Volume of Enchanting Boosts
112361 | Zig:9    | Entered Level 9 of a ziggurat
112655 | Zig:9    | Identified the Disquisition on Translocation and the Birds
112768 | Zig:10   | Entered Level 10 of a ziggurat
112937 | Zig:10   | Lost mutation: Your system is resistant to poisons. (rPois) [potion of cure mutation]
112937 | Zig:10   | Lost mutation: You regenerate slowly when monsters are visible. [potion of cure mutation]
112941 | Zig:10   | Identified the Reference Book on Snow and Changing
113004 | Zig:11   | Entered Level 11 of a ziggurat
113035 | Zig:11   | Reached skill level 15 in Polearms
113244 | Zig:11   | Got a heavily runed gossamer ring
113248 | Zig:11   | Identified the ring "Awkila Rata" {rF+ MR+ Str+2} (You found it on level 11 of a ziggurat)
113284 | Zig:12   | Entered Level 12 of a ziggurat
113496 | Zig:12   | Identified the Incunabulum of the Rocks and the Escort
113515 | Zig:12   | Got heavily runed pearl dragon scales
113526 | Zig:12   | Identified the cursed +1 pearl dragon scales of the Ward {rPois rN+ Str+4} (You found it on level 12 of a ziggurat)
113632 | Zig:13   | Entered Level 13 of a ziggurat
113662 | Zig:13   | Reached skill level 15 in Evocations
113926 | Zig:14   | Entered Level 14 of a ziggurat
113948 | Zig:14   | Paralysed by accursed screaming for 2 turns
113957 | Zig:14   | Paralysed by accursed screaming for 2 turns
113962 | Zig:14   | Paralysed by accursed screaming for 2 turns
114182 | Zig:14   | Identified a +3 rod of ignition (11/11) (You found it on level 13 of a ziggurat)
114217 | Zig:15   | Entered Level 15 of a ziggurat
114260 | Zig:15   | Mangled by an iron giant

Skill      XL: |  1  2  3  4  5  6  7  8  9 10 11 12 13 14 15 16 17 18 19 20 21 22 23 24 25 26 27 |
---------------+----------------------------------------------------------------------------------+-----
Crossbows      | 5 6 8 10 11 12 13 14 15 18 20 22 23 24 26 27 | 27.0
Maces & Flails | 1 2 3 4 |  4.4
Armour         | 2 3 4 5 6 7 8 9 10 11 12 13 14 15 16 17 18 20 23 25 27 | 27.0
Fighting       | 3 4 5 7 9 10 12 13 14 15 16 17 18 19 22 24 25 27 | 27.0
Stealth        | 1 2 3 4 5 6 10 | 10.6
Dodging        | 3 4 5 6 7 8 9 10 11 12 13 14 24 | 24.2
Axes           | 3 4 7 9 10 12 13 14 16 27 | 27.0
Evocations     | 1 2 4 7 9 17 | 17.4
Invocations    | 1 2 3 4 5 6 20 | 20.7
Polearms       | 16 | 16.0
Spellcasting   | |  0.2

Action                   |  1- 3 |  4- 6 |  7- 9 | 10-12 | 13-15 | 16-18 | 19-21 | 22-24 | 25-27 || total
-------------------------+-------+-------+-------+-------+-------+-------+-------+-------+-------++-------
Melee: Short sword       |     9 |       |       |       |       |       |       |       |       ||     9
       Club              |    16 |       |       |       |       |       |       |       |       ||    16
       Headbutt          |     8 |     4 |    73 |   106 |   110 |     1 |    13 |    40 |   193 ||   548
       Mace              |    55 |    25 |       |    19 |       |       |       |       |       ||    99
       Flail             |       |    44 |    31 |       |       |       |       |       |       ||    75
       War axe           |       |       |   235 |   477 |   440 |       |       |       |       ||  1152
       Whip              |       |       |    11 |       |       |       |       |       |       ||    11
       Battleaxe         |       |       |       |       |       |    26 |    41 |   114 |   554 ||   735
 Fire: Hand crossbow     |     3 |    61 |   293 |   505 |   156 |       |       |       |       ||  1018
       Triple crossbow   |       |       |       |       |   942 |  1215 |  1233 |  1040 |  3265 ||  7695
       Arbalest          |       |       |       |       |       |       |    90 |    11 |   131 ||   232
Invok: Heroism           |       |       |       |     9 |     3 |    10 |     8 |    13 |    11 ||    54
       Finesse           |       |       |       |       |       |       |       |     1 |     4 ||     5
       Divine Shield     |       |       |       |       |       |       |       |       |    47 ||    47
       Summon Divine War |       |       |       |       |       |       |       |       |     1 ||     1
       Brand Weapon With |       |       |       |       |       |       |       |       |     1 ||     1
 Abil: Evoke Flight      |       |       |       |       |       |     8 |       |       |       ||     8
Evoke: Wand              |       |       |       |    17 |     6 |     1 |     1 |    14 |    23 ||    62
       Disc of storms    |       |       |       |     3 |       |       |       |       |       ||     3
       Box of beasts     |       |       |       |       |       |       |       |       |     1 ||     1
       Figurine of a zig |       |       |       |       |       |       |       |       |     1 ||     1
  Use: Potion            |       |       |     4 |     9 |       |     7 |     5 |       |    16 ||    41
       Scroll            |       |       |     2 |    17 |    18 |     6 |    22 |    11 |    44 ||   120
 Stab: Sleeping          |       |       |       |     6 |     1 |       |     2 |       |       ||     9
       Distracted        |       |       |       |     1 |     1 |       |       |       |       ||     2
  Eat: Chunk             |     2 |     5 |    17 |    29 |    46 |    39 |    40 |    36 |    48 ||   262
       Pizza             |       |       |     1 |       |       |       |       |     1 |     9 ||    11
       Fruit             |       |       |       |     1 |       |       |     1 |       |     2 ||     4
       Beef jerky        |       |       |       |     2 |     1 |     5 |       |       |     8 ||    16
       Royal jelly       |       |       |       |       |       |       |     1 |       |     1 ||     2
       Meat ration       |       |       |       |       |       |       |       |       |    11 ||    11
Armor: Leather armour    |    23 |       |    48 |    21 |       |       |       |       |       ||    92
       Ring mail         |    17 |    26 |    28 |   100 |       |       |       |       |       ||   171
       Scale mail        |       |       |     4 |       |       |       |       |       |       ||     4
       Skin              |       |       |     3 |    26 |       |       |       |       |       ||    29
       Shadow dragon sca |       |       |       |    13 |   412 |   297 |   253 |   330 |   773 ||  2078
Dodge: Dodged            |    82 |    69 |   152 |   390 |   544 |   375 |   346 |   507 |  2455 ||  4920
Block: Other             |       |       |       |       |       |       |       |       |   496 ||   496
